 Dungeon Crawl Stone Soup version 0.23.2-33-g5129a83184 (webtiles) character file.

Game seed: 5354043943893600773

6604 FishyPogo the Reanimator (level 10, -2/75 HPs)
             Began as a Deep Dwarf Necromancer on Aug 3, 2019.
             Was an Elder of Sif Muna.
             Slain by an orc warrior
             ... wielding a +3 scimitar
              (17 damage)
             ... on level 10 of the Dungeon.
             The game lasted 01:33:49 (10398 turns).

FishyPogo the Reanimator (Deep Dwarf Necromancer)  Turns: 10398, Time: 01:33:49

Health: -2/75      AC:  8    Str: 18    XL:     10   Next: 71%
Magic:  23/29 (20) EV: 18    Int: 18    God:    Sif Muna [****..]
Gold:   618        SH:  0    Dex: 14    Spells: 14/23 levels left

rFire    . . .     SeeInvis .   b - +2 whip (flame)
rCold    . . .     Gourm    .   (no shield)
rNeg     . . .     Faith    .   Q - +0 scale mail of the Red Skies {*Drain *Slow MR+++ MP+9} (curse)
rPois    .         Spirit   .   (no helmet)
rElec    .         Reflect  .   h - +1 cloak
rCorr    .         Harm     .   (no gloves)
MR       ++++.                  (no boots)
Stlth    ++........             (no amulet)
HPRegen  0.00/turn              m - +5 ring of evasion
MPRegen  0.21/turn              O - +6 ring of strength

@: non-regenerating, divine energy
A: damage resistance, heal wounds, sense surroundings 2, no regeneration
a: Heal Wounds, Stop Divine Energy, Channel Magic, Forget Spell, Renounce
Religion


You were on level 10 of the Dungeon.
You worshipped Sif Muna.
Sif Muna was greatly pleased with you.
You were not hungry.

You visited 1 branch of the dungeon, and saw 10 of its levels.

You collected 618 gold pieces.

Inventory:

Hand Weapons
 a - a +2 whip of venom
 b - a +2 whip of flaming (weapon)
 f - a +1 vampiric whip
Armour
 h - a +1 cloak (worn)
 s - a +0 robe
 x - a +0 cloak
 y - a +0 buckler
 L - a +1 robe of magic resistance
 Q - the cursed +0 scale mail of the Red Skies (worn) {*Drain *Slow MR+++ MP+9}
   (You found it on level 10 of the Dungeon)

   It affects your resistance to hostile enchantments.
   It affects your magic capacity (+9).
   It causes draining when unequipped.
   It may slow you when you take damage.
   It has a curse placed upon it.
Jewellery
 m - a +5 ring of evasion (left hand)
 n - an uncursed ring of magical power
 C - a +3 ring of dexterity
 O - a +6 ring of strength (right hand)
Wands
 v - a wand of acid (20)
 E - a wand of flame (38)
 I - a wand of digging (5)
 M - a wand of iceblast (10)
 N - a wand of polymorph (10)
Scrolls
 c - 2 scrolls of immolation {unknown}
 e - 9 scrolls of identify
 i - 2 scrolls of random uselessness {unknown}
 k - 5 scrolls of amnesia {unknown}
 l - 6 scrolls of teleportation
 o - a scroll of fear {unknown}
 r - 3 scrolls of noise
 u - 3 scrolls of fog {unknown}
 w - 4 scrolls of remove curse
 D - a scroll of blinking {unknown}
 F - a scroll of enchant armour {unknown}
 K - a scroll of enchant weapon {unknown}
Potions
 d - 4 potions of curing {unknown}
 j - 2 potions of brilliance
 p - 2 potions of mutation {unknown}
 q - a potion of haste {unknown}
 z - 2 potions of invisibility {unknown}
 A - 2 potions of flight
 B - 2 potions of heal wounds
 P - a potion of ambrosia {unknown}
Comestibles
 g - 17 rations
 t - 4 chunks of flesh


   Skills:
 + Level 3.9 Maces & Flails
 + Level 7.5 Dodging
 + Level 4.9 Stealth
 - Level 4.0 Shields
 * Level 7.4 Spellcasting
 + Level 9.3 Necromancy
 - Level 7.0 Invocations
 - Level 6.2 Evocations


You had 14 spell levels left.
You knew the following spells:

 Your Spells              Type           Power        Failure   Level  Hunger
a - Pain                  Necr           ####         1%          1    None
b - Animate Skeleton      Necr           N/A          1%          1    None
c - Vampiric Draining     Necr           #####.....   2%          3    #......
d - Animate Dead          Necr           N/A          8%          4    ###....

Your spell library contained the following spells:

 Spells                   Type           Power        Failure   Level  Hunger
 Confusing Touch          Hex            #.....       34%         1    None
 Confuse                  Hex            #.......     71%         3    #......
 Gell's Gravitas          Tloc           #.........   71%         3    #......
 Petrify                  Tmut/Erth      #.......     98%         4    ###....
 Metabolic Englaciation   Hex/Ice        #.........   100%        5    #####..
 Yara's Violent Unravell  Hex/Tmut       #.........   100%        5    #####..
 Regeneration             Chrm/Necr      Unusable     N/A         3    N/A

Dungeon Overview and Level Annotations

Branches:
Dungeon (10/15)            Temple (0/1) D:4            Lair (0/6) D:8
    Orc: D:9-12

Altars:
Gozag
Okawaru
Sif Muna
Trog
Vehumet
The Shining One


Innate Abilities, Weirdness & Mutations

You are resistant to damage.
You can heal yourself by infusing magical energy.
You passively map the area around you.
You do not regenerate.


Message History

Casting: Pain (safe; 1% risk of failure)
Confirm with . or Enter, or press ? or * to list all spells.
Aiming: Vampiric Draining (safe; 2% risk of failure)
Press: ? - help, Shift-Dir - straight line, f - orc
Aim: an orc, wielding a +0 war axe You kill the orc!
Sif Muna accepts your kill.
You feel life coursing into your body.
The orc shouts!
Things that are here:
a +0 war axe; an orc corpse
Casting: Vampiric Draining (safe; 2% risk of failure)
Confirm with . or Enter, or press ? or * to list all spells.
Aiming: Vampiric Draining (safe; 2% risk of failure)
Press: ? - help, Shift-Dir - straight line, f - orc warrior
Aim: an orc warrior, wielding a +3 scimitar and wearing a +0 plate armour The orc warrior is moderately wounded.
You feel life coursing into your body.
The orc warrior hits you with a +3 scimitar!!
You die...

###############
#.............#
#.............# *#### *
###.......).....##,.....,
.................#......,
,
###.............@oo..o..
,
#.............##......,,
* #.....<.......# ,.....
, ####.########## *#+##
#(### * * #.(.# *
###'####### , #......[..#
####* *
######.........###..


You could see an orc warrior and 2 orcs.

Vanquished Creatures
  A two-headed ogre (D:8)
  Pikel (D:9)
  Joseph (D:8)
  2 wraiths (D:10)
  Eustachio (D:6)
  3 porcupines (D:8)
  2 slaves (D:9)
  2 ice beasts
  2 black bears
  2 orc warriors
  A phantom (D:4)
  7 ogres
  5 centaurs
  2 big kobolds
  4 crocodiles
  Blork the orc (D:3)
  7 bullfrogs
  A wyvern zombie (D:6)
  5 scorpions
  A killer bee (D:9)
  3 wights (D:9)
  2 howler monkeys
  A crimson imp (D:9)
  A centaur zombie (D:5)
  2 bullfrog zombies
  A hound (D:9)
  6 orc priests
  A jelly (D:6)
  5 orc wizards
  A gnoll shaman (D:8)
  2 worker ants
  A hound skeleton (D:5)
  A worker ant zombie (D:9)
  10 adders
  7 gnolls
  An ooze (D:4)
  4 worms
  A dart slug (D:1)
  7 leopard geckos
  21 orcs
  10 bats
  7 giant cockroaches
  4 hobgoblins
  8 jackals
  5 quokkas
  2 ball pythons
  3 frilled lizards (D:1)
  5 goblins
  14 kobolds
  A quokka skeleton (D:8)
  6 rats
194 creatures vanquished.

Vanquished Creatures (collateral kills)
  Psyche (D:10)
  A necrophage (D:9)
  An ogre (D:8)
  A centaur (D:8)
  2 bullfrogs
  3 scorpions (D:8)
  A wight (D:9)
  A bullfrog zombie (D:10)
  An orc wizard (D:8)
  A worker ant zombie (D:8)
  A gnoll (D:8)
  A leopard gecko (D:10)
  A hobgoblin (D:3)
  2 kobolds (D:8)
  A quokka skeleton (D:8)
19 creatures vanquished.

Vanquished Creatures (others)
  A slave (D:9)
  18 fungi (D:8)
  7 plants (D:8)
26 creatures vanquished.

Grand Total: 239 creatures vanquished

Notes
Turn   | Place    | Note
-------+----------+-------------------------------------------
     0 | D:1      | FishyPogo the Deep Dwarf Necromancer began the quest for
                  | the Orb.
     0 | D:1      | Reached XP level 1. HP: 15/15 MP: 3/3
    26 | D:1      | Learned a level 1 spell: Animate Skeleton
   407 | D:1      | Reached XP level 2. HP: 22/22 MP: 2/4
  1175 | D:2      | Reached XP level 3. HP: 28/28 MP: 4/6
  1183 | D:2      | Learned a level 3 spell: Vampiric Draining
  1564 | D:2      | Reached skill level 5 in Necromancy
  1615 | D:2      | Found an opulent altar of Gozag.
  1618 | D:2      | Found a radiant altar of Vehumet.
  1626 | D:2      | Reached skill level 1 in Maces & Flails
  1894 | D:3      | Found a glowing golden altar of the Shining One.
  1960 | D:3      | Reached XP level 4. HP: 36/36 MP: 7/7
  2226 | D:3      | Noticed Blork the orc
  2824 | D:3      | Killed Blork the orc
  2824 | D:3      | Reached XP level 5. HP: 33/42 MP: 8/8
  2829 | D:3      | Found a deep blue altar of Sif Muna.
  2837 | D:3      | Became a worshipper of Sif Muna the Loreminder
  3058 | D:4      | Noticed a phantom
  3104 | D:4      | Found a staircase to the Ecumenical Temple.
  3141 | D:4      | Killed a phantom
  3141 | D:4      | Reached skill level 1 in Invocations
  3348 | D:4      | Reached skill level 6 in Necromancy
  3348 | D:4      | Reached XP level 6. HP: 34/49 MP: 10/10
  3642 | D:5      | Entered Level 5 of the Dungeon
  3869 | D:5      | Reached skill level 1 in Shields
  4027 | D:5      | Found a deep blue altar of Sif Muna.
  4369 | D:5      | Reached XP level 7. HP: 55/55 MP: 11/11
  4566 | D:6      | Reached * piety under Sif Muna
  4631 | D:6      | Noticed Eustachio
  5018 | D:6      | Killed Eustachio
  5018 | D:6      | Reached skill level 7 in Necromancy
  5106 | D:6      | Found a bloodstained altar of Trog.
  5107 | D:6      | Found an iron altar of Okawaru.
  5178 | D:6      | Reached skill level 1 in Evocations
  5178 | D:6      | Reached XP level 8. HP: 40/62 MP: 12/12
  5929 | D:7      | Reached skill level 5 in Dodging
  6217 | D:8      | Noticed Joseph
  6322 | D:8      | Found a staircase to the Lair.
  6429 | D:8      | Reached ** piety under Sif Muna
  6451 | D:8      | Gained mutation: You passively map the area around you.
                  | [Deep Dwarf growth]
  6451 | D:8      | Reached XP level 9. HP: 63/68 MP: 10/15
  6465 | D:8      | Reached skill level 5 in Invocations
  6623 | D:8      | Reached skill level 5 in Spellcasting
  6742 | D:8      | Reached skill level 8 in Necromancy
  7497 | D:8      | Noticed a two-headed ogre
  7605 | D:9      | Reached *** piety under Sif Muna
  7824 | D:9      | Reached skill level 5 in Evocations
  8317 | D:8      | Killed a two-headed ogre
  8317 | D:8      | Reached XP level 10. HP: 60/75 MP: 11/18
  8511 | D:8      | Killed Joseph
  9114 | D:9      | Noticed Pikel
  9142 | D:9      | Killed Pikel
  9142 | D:9      | Reached skill level 9 in Necromancy
  9250 | D:9      | Found a deep blue altar of Sif Muna.
  9409 | D:9      | Reached **** piety under Sif Muna
  9456 | D:9      | Noticed a manticore
  9486 | D:10     | Entered Level 10 of the Dungeon
  9499 | D:10     | Got a crude scale mail
  9510 | D:10     | Identified the cursed +0 scale mail of the Red Skies
                  | {*Drain *Slow MR+++ MP+9} (You found it on level 10 of the
                  | Dungeon)
  9523 | D:10     | Learned a level 4 spell: Animate Dead
  9547 | D:10     | Noticed Psyche
  9845 | D:10     | Killed Psyche
 10398 | D:10     | Slain by an orc warrior

Skill      XL: |  1  2  3  4  5  6  7  8  9 10 |
---------------+-------------------------------+-----
Stealth        | 3 4 |  4.9
Spellcasting   | 2 3 4 6 7 |  7.4
Necromancy     | 5 6 7 8 9 |  9.3
Maces & Flails | 1 2 3 |  3.9
Dodging        | 3 4 5 6 7 |  7.5
Invocations    | 1 2 3 4 6 7 |  7.0
Shields        | 1 2 3 4 |  4.0
Evocations     | 1 3 5 6 |  6.2

Action                   |  1- 3 |  4- 6 |  7- 9 | 10-12 || total
-------------------------+-------+-------+-------+-------++-------
Melee: Club              |     4 |       |       |       ||     4
       Whip              |    75 |    88 |   207 |   171 ||   541
       Unarmed           |     2 |       |       |       ||     2
 Cast: Pain              |    43 |    58 |   119 |    17 ||   237
       Animate Skeleton  |     4 |     5 |    25 |    13 ||    47
       Vampiric Draining |       |     8 |    87 |    54 ||   149
Invok: Divine Energy     |       |       |       |     1 ||     1
 Abil: Heal Wounds       |       |     2 |     1 |     1 ||     4
Evoke: Wand              |       |       |       |     1 ||     1
  Use: Scroll            |     2 |       |     2 |       ||     4
       Potion            |       |       |       |     4 ||     4
 Stab: Sleeping          |     2 |     1 |     1 |     2 ||     6
       Distracted        |       |       |       |     1 ||     1
  Eat: Ration            |     1 |       |       |       ||     1
       Chunk             |     5 |     9 |    18 |     9 ||    41
Armor: Robe              |     5 |     2 |    28 |     9 ||    44
       Leather armour    |    16 |       |       |       ||    16
       Scale mail        |       |       |       |    13 ||    13
Dodge: Dodged            |    79 |    66 |   187 |   148 ||   480
Block: Buckler           |       |     8 |    48 |    19 ||    75
